 Dungeon Crawl Stone Soup version 0.26.1-11-gd32895ea62 (webtiles) character file.

Game seed: 6501918857292043518

984 metroholografix the Skirmisher (level 8, -1/54 HPs)
             Began as a Gargoyle Berserker on May 10, 2021.
             Was a Priest of Trog.
             Slain by an ice beast (17 damage)
             ... on level 6 of the Dungeon.
             The game lasted 00:13:48 (8418 turns).

metroholografix the Skirmisher (Gargoyle Berserker) Turns: 8418, Time: 00:13:48

Health: -1/54      AC: 18    Str: 21    XL:     8   Next: 18%
Magic:  0/8        EV:  6    Int:  8    God:    Trog [***...]
Gold:   108        SH:  0    Dex: 11    Spells: 7/7 levels left

rFire    + . .     SeeInvis .   a - +0 mace
rCold    x . .     Faith    .   (no shield)
rNeg     + . .     Spirit   +   A - +0 plate armour
rPois    ∞         Reflect  .   n - +0 helmet
rElec    +         Harm     .   (no cloak)
rCorr    .         Rampage  .   (no gloves)
Will     .....                  o - +0 pair of boots
Stlth    ..........             c - amulet of guardian spirit
HPRegen  0.18/turn              h - ring of fire
MPRegen  0.11/turn              (no ring)

@: no status effects
A: negative energy resistance 1, electricity resistance, unbreathing,
petrification resistance, miasma immunity, AC +5
a: Renounce Religion, Berserk, Trog's Hand


You were on level 6 of the Dungeon.
You worshipped Trog.
Trog was most pleased with you.
You visited 1 branch of the dungeon, and saw 6 of its levels.

You collected 311 gold pieces.
You spent 203 gold pieces at shops.

Inventory:

Hand Weapons
 a - a +0 mace (weapon)
Armour
 n - a +0 helmet (worn)
 o - a +0 pair of boots (worn)
 A - a +0 plate armour (worn)
Jewellery
 c - an amulet of guardian spirit (around neck)
 h - a ring of fire (left hand)
Wands
 l - a wand of iceblast (10)
Scrolls
 b - a scroll of identify
 d - 2 scrolls of enchant armour
 f - 2 scrolls of blinking
 g - 2 scrolls of magic mapping
 i - a scroll of immolation {unknown}
 k - 3 scrolls of noise
 q - a scroll of fog
 t - 2 scrolls of remove curse
 u - a scroll of random uselessness {unknown}
 v - a scroll of fear {unknown}
 w - 2 scrolls of amnesia {unknown}
 x - 3 scrolls of enchant weapon
 y - 2 scrolls of teleportation {unknown}
Potions
 e - 2 potions of attraction
 j - 2 potions of curing
 m - 2 potions of lignification
 p - a potion of might {unknown}
 r - 2 potions of cancellation
 s - 4 potions of heal wounds
 B - a potion of resistance {unknown}
 C - a potion of mutation {unknown}


   Skills:
 * Level 7.8 Fighting
 * Level 7.2 Maces & Flails
 - Level 2.1 Armour
 - Level 1.5 Dodging


You had 7 spell levels left.
You didn't know any spells.
Your spell library was empty.

Dungeon Overview and Level Annotations

Branches:
Dungeon (6/15)             Temple (0/1) D:4

Altars:
Elyvilon
Gozag
Vehumet

Shops:
D:4 ?

Annotations:
D:6 3 runed translucent doors


Innate Abilities, Weirdness & Mutations

You are resistant to torment.
Your stone body is resilient. (AC +5)
You are immune to poison.
You resist negative energy. (rN+)
You are resistant to electric shocks. (rElec)
You can survive without breathing.
You are immune to petrification.
You are immune to miasma.


Message History

The white imp hits you but does no damage.
You hit the ice beast.
The ice beast is moderately wounded.
The ice beast hits you. The ice beast freezes you!
You feel a terrible chill! The white imp hits you. The white imp freezes you!
You feel a terrible chill!
You thump the ice beast!
The ice beast is severely wounded.
The ice beast hits you but does no damage.
The white imp gestures at you. The puff of frost hits you!
You feel a terrible chill!
Your plate armour prevents you from hitting the ice beast.
The ice beast is severely wounded.
The ice beast barely misses you.
The white imp hits you but does no damage.
You completely miss the ice beast.
The ice beast is severely wounded.
The ice beast hits you.
* * * LOW HITPOINT WARNING * * *
The ice beast freezes you!!
You feel a terrible chill!
You die...

##..##..#
###...#...####
#.....#...##.##
##...#..#.....#
###..#.##.....#
#..†.#..###...#
##..###..# #...###
###Y.........##.#...
#.5@###...#.........
.......##
.....##.#....
....... .....##....#
#..?#.. .........##.
### ... .....#.##..
.### ##...###.†. ##
##......##
..#..#....#
.##...#...


You could see an ice beast and a white imp.

Vanquished Creatures
  An ice beast (D:5)
  3 ogres
  A centaur (D:5)
  A water moccasin skeleton (D:5)
  2 hounds
  An orc priest (D:3)
  An orc wizard (D:3)
  A bullfrog skeleton (D:6)
  6 worker ants
  A hound skeleton (D:5)
  4 gnolls (D:5)
  6 adders
  2 white imps
  An ufetubus (D:5)
  An adder skeleton (D:4)
  3 worms
  3 dart slugs
  3 leopard geckos
  13 orcs
  6 giant cockroaches
  6 goblins
  7 hobgoblins
  4 quokkas
  A ball python (D:1)
  7 bats
  5 frilled lizards
  A jackal zombie (D:5)
  9 kobolds
  A leopard gecko skeleton (D:6)
  7 rats
108 creatures vanquished.

Notes
Turn   | Place    | Note
-------+----------+-------------------------------------------
     0 | D:1      | metroholografix the Gargoyle Berserker began the quest for
                  | the Orb.
     0 | D:1      | Reached XP level 1. HP: 14/14 MP: 1/1
   464 | D:1      | Reached XP level 2. HP: 19/19 MP: 2/2
  1770 | D:2      | Reached XP level 3. HP: 22/24 MP: 3/3
  2075 | D:2      | Reached ** piety under Trog
  2964 | D:3      | Found an opulent altar of Gozag.
  3267 | D:3      | Reached XP level 4. HP: 30/30 MP: 4/4
  3545 | D:3      | Reached XP level 5. HP: 25/34 MP: 3/5
  3549 | D:3      | Reached skill level 5 in Fighting
  3892 | D:3      | Found a white marble altar of Elyvilon.
  4371 | D:4      | Found a radiant altar of Vehumet.
  4437 | D:4      | Reached *** piety under Trog
  4591 | D:4      | Reached skill level 5 in Maces & Flails
  4591 | D:4      | Reached XP level 6. HP: 38/40 MP: 6/6
  4932 | D:4      | Got an ichor-stained tower shield
  4938 | D:4      | Identified the cursed -3 tower shield of Midwinter {rElec
                  | Dex+2} (You found it on level 4 of the Dungeon)
  5307 | D:4      | Found Gipoathro's Magic Scroll Shoppe.
  5310 | D:4      | Bought a scroll of remove curse for 33 gold pieces
  5310 | D:4      | Bought a scroll of identify for 22 gold pieces
  5310 | D:4      | Bought a scroll of enchant armour for 82 gold pieces
  5310 | D:4      | Bought a scroll of identify for 22 gold pieces
  5310 | D:4      | Bought a scroll of identify for 22 gold pieces
  5310 | D:4      | Bought a scroll of identify for 22 gold pieces
  5491 | D:4      | Found a staircase to the Ecumenical Temple.
  6119 | D:5      | Entered Level 5 of the Dungeon
  6119 | D:5      | Noticed an ice beast
  6134 | D:5      | Killed an ice beast
  6135 | D:5      | Reached XP level 7. HP: 47/47 MP: 7/7
  8085 | D:6      | Found a runed translucent gate.
  8085 | D:6      | Found a runed translucent gate.
  8097 | D:6      | Reached XP level 8. HP: 51/53 MP: 8/8
  8098 | D:6      | Found a runed translucent gate.
  8418 | D:6      | Slain by an ice beast

Illustrated notes

Levels and vault maps discovered:
D:1:      dpeg_chamrin_arrival_tetris, layout_basic
D:2:      layout_loops_ring, hex_medium, minmay_misc_feat_four_crosses
D:3:      layout_loops_corners, old_standard_altar,
          nicolae_gozag_cash_rules_everything_around_me
D:4:      layout_rooms, minmay_temple_entry_antechambers, serial_shops,
          kennysheep_mini_moat, hangedman_feature_mirror, chequers_arboretum,
          amcnicky_altar_gilded
D:5:      layout_rooms
D:6:      layout_cave_pools, gammafunk_ghost_icy, uniq_grinder

Skill      XL: |  1  2  3  4  5  6  7  8 |
---------------+-------------------------+-----
Fighting       | 4 5 6 7 |  7.8
Maces & Flails | 4 5 6 7 |  7.2
Armour         | |  2.1
Dodging        | |  1.5

Action                   |  1- 3 |  4- 6 |  7- 9 || total
-------------------------+-------+-------+-------++-------
Melee: Mace              |   129 |   138 |   159 ||   426
Invok: Berserk           |     2 |     4 |     3 ||     9
       Trog's Hand       |       |     1 |       ||     1
  Use: Scroll            |     3 |     8 |     2 ||    13
 Stab: Sleeping          |     1 |       |       ||     1
Armor: Animal skin       |    82 |    91 |       ||   173
       Plate armour      |       |     4 |   169 ||   173
Dodge: Dodged            |   120 |   120 |    68 ||   308
